 Dungeon Crawl Stone Soup version 0.19.1 (webtiles) character file.

1222 Aksej the Skirmisher (level 8, -2/64 HPs)
             Began as a Demonspawn Gladiator on Dec 16, 2016.
             Slain by ciphuk's ghost (10 damage)
             ... on level 6 of the Dungeon.
             The game lasted 00:15:28 (5219 turns).

Aksej the Skirmisher (Demonspawn Gladiator)         Turns: 5219, Time: 00:15:29

Health: -2/64      AC: 12    Str: 18    XL:     8   Next: 23%
Magic:  8/8        EV:  9    Int:  9    God:
Gold:   29         SH:  0    Dex: 14    Spells: 0 memorised, 7 levels left

rFire  . . .     SeeInvis .     a - +5 war axe
rCold  + . .     Gourm    .     e - +0 chain mail
rNeg   . . .     Faith    .     (no shield)
rPois  .         Spirit   .     (helmet restricted)
rElec  .         Reflect  .     (no cloak)
rCorr  .         Harm     .     i - +1 pair of gloves
MR     +....                    (no boots)
Stlth  ..........               (no amulet)
                                g - ring of protection from cold
                                c - ring of protection from magic

@: very slightly contaminated, hasted, drained, very quick
A: antennae 2, powered by pain 2, spiny 1
a: no special abilities


You were on level 6 of the Dungeon.
You were not hungry.

You visited 1 branch of the dungeon, and saw 6 of its levels.

You collected 239 gold pieces.
You spent 210 gold pieces at shops.

Inventory:

Hand Weapons
 a - a +5 war axe (weapon)
Missiles
 m - 2 tomahawks
 r - a throwing net (quivered)
Armour
 e - a +0 chain mail (worn)
 i - a +1 pair of gloves (worn)
Jewellery
 c - a ring of protection from magic (left hand)
 g - a ring of protection from cold (right hand)
Wands
 h - a wand of flame (20/48)
 j - a wand of iceblast (5/15)
 o - a wand of confusion (39/48)
Scrolls
 d - a scroll of identify
 l - 2 scrolls of teleportation
 q - a scroll of enchant weapon
Potions
 k - 2 potions of flight
Comestibles
 b - 3 meat rations
 f - 3 bread rations
 n - 5 chunks of flesh


   Skills:
 + Level 5.7(5.3) Fighting
 * Level 4.1(3.8) Axes
 + Level 2.4(2.0) Throwing
 + Level 5.3(4.9) Armour
 + Level 4.6(4.2) Dodging


You had 7 spell levels left.
You didn't know any spells.

Dungeon Overview and Level Annotations

Branches:
Dungeon (6/15)
 Temple: D:4-7

Altars:
Nemelex Xobeh
Trog

Shops:
D:4 (   D:5 *?

Annotations:
D:6 ciphuk's ghost, novice DrMo


Innate Abilities, Weirdness & Mutations

You have a pair of antennae on your head.
You sometimes gain power by taking damage.
You are partially covered in sharp spines.


Message History

Ciphuk's ghost hits you.
* * * LOW HITPOINT WARNING * * *
You slash ciphuk's ghost!
Ciphuk's ghost is heavily damaged.
Ciphuk's ghost hits you but does no damage.
An ogre comes into view. It is wielding a giant club.
The ogre shouts!
You slash ciphuk's ghost!
Ciphuk's ghost is severely damaged.
Ciphuk's ghost hits you.
* * * LOW HITPOINT WARNING * * *
You barely miss ciphuk's ghost.
Ciphuk's ghost is severely damaged.
You hit ciphuk's ghost.
Ciphuk's ghost is severely damaged.
Ciphuk's ghost completely misses you.
You slash ciphuk's ghost!
Ciphuk's ghost is almost destroyed.
Ciphuk's ghost hits you!
You die...

.. . . #... .###.
#... .....##### {
#... .........###
... ........... .
.........##
......W@..#
.......##.#
...O...#..#
..............[....
.....####.#.####....
..... ....$. ..[####
..##
..#.#..#........ ..
#.##.#..#.#........
....# ..##........


You could see an ogre and ciphuk's ghost.

Vanquished Creatures
  Edmund (D:4)
  2 bullfrogs
  A scorpion (D:4)
  2 crimson imps (D:5)
  3 orc priests
  3 hounds
  5 orc wizards
  Ijyb (D:2)
  Natasha (thrice) (D:4)
  3 iguanas
  3 worker ants
  A hound zombie (D:6)
  A hound skeleton (D:4)
  Robin (D:3)
  6 gnolls
  6 adders
  A shadow imp (D:6)
  4 worms
  3 dart slugs
  5 leopard geckos
  16 orcs
  4 giant cockroaches
  10 hobgoblins
  13 jackals
  3 quokkas
  A ball python (D:4)
  A ball python skeleton (D:4)
  8 bats
  5 frilled lizards
  18 goblins
  8 kobolds
  A leopard gecko skeleton (D:5)
  A leopard gecko zombie (D:5)
  12 rats
156 creatures vanquished.

Notes
Turn   | Place    | Note
-------+----------+-------------------------------------------
     0 | D:1      | Aksej the Demonspawn Gladiator began the quest for the Orb.
     0 | D:1      | Reached XP level 1. HP: 16/16 MP: 1/1
   402 | D:1      | Gained mutation: You are partially covered in sharp spines. [demonic ancestry]
   402 | D:1      | Reached XP level 2. HP: 19/23 MP: 2/2
  1282 | D:2      | Gained mutation: You sometimes gain a little power by taking damage. [demonic ancestry]
  1282 | D:2      | Reached XP level 3. HP: 21/28 MP: 3/3
  1506 | D:2      | Reached skill level 1 in Armour
  1612 | D:2      | Noticed Ijyb
  1637 | D:2      | Killed Ijyb
  1637 | D:2      | Gained mutation: You have a pair of small antennae on your head. [demonic ancestry]
  1637 | D:2      | Reached XP level 4. HP: 31/34 MP: 4/4
  2011 | D:2      | Found a bloodstained altar of Trog.
  2368 | D:3      | Noticed Robin
  2373 | D:3      | Reached XP level 5. HP: 32/41 MP: 5/5
  2386 | D:3      | Killed Robin
  2673 | D:3      | Found a sparkling altar of Nemelex Xobeh.
  2908 | D:4      | Noticed Natasha
  2996 | D:4      | Noticed Edmund
  3221 | D:4      | Gained mutation: You sometimes gain power by taking damage. [demonic ancestry]
  3221 | D:4      | Reached XP level 6. HP: 40/48 MP: 6/6
  3377 | D:4      | Killed Edmund
  3377 | D:4      | Reached XP level 7. HP: 16/55 MP: 7/7
  3378 | D:4      | Killed Natasha
  3457 | D:4      | Found Giruos's Antique Weapon Shoppe.
  3724 | D:4      | Noticed Natasha
  3729 | D:4      | Killed Natasha
  3735 | D:4      | Noticed Natasha
  3742 | D:4      | Killed Natasha
  3742 | D:4      | Reached skill level 5 in Fighting
  3830 | D:4      | Bought a runed war axe for 190 gold pieces
  4181 | D:5      | Entered Level 5 of the Dungeon
  4204 | D:5      | Found Ybas's Magic Scroll Shop.
  4329 | D:5      | Reached skill level 5 in Armour
  4764 | D:5      | Found Emafaq's General Store.
  4773 | D:5      | Bought a scroll of identify for 20 gold pieces
  4946 | D:5      | Gained mutation: You have a pair of antennae on your head. [demonic ancestry]
  4946 | D:5      | Reached XP level 8. HP: 52/63 MP: 8/8
  5000 | D:6      | Noticed ciphuk's ghost (novice DrMo)
  5219 | D:6      | Slain by ciphuk's ghost

Skill      XL: |  1  2  3  4  5  6  7  8 |
---------------+-------------------------+-----
Throwing       | 2 |  2.4
Dodging        | 3 4 |  4.6
Armour         | 1 2 3 5 |  5.3
Fighting       | 3 4 5 |  5.7
Axes           | 3 4 |  4.1

Action                   |  1- 3 |  4- 6 |  7- 9 || total
-------------------------+-------+-------+-------++-------
Melee: War axe           |   106 |   134 |   101 ||   341
Throw: Throwing net      |       |     4 |     3 ||     7
  Use: Scroll            |     7 |     3 |     6 ||    16
       Potion            |     1 |     6 |     2 ||     9
 Stab: Sleeping          |     1 |       |       ||     1
  Eat: Chunk             |     2 |     6 |     6 ||    14
Armor: Leather armour    |    17 |       |       ||    17
       Scale mail        |    24 |    58 |     1 ||    83
       Chain mail        |       |       |    69 ||    69
Dodge: Dodged            |    66 |    71 |    61 ||   198
